 Dungeon Crawl Stone Soup version 0.29.1-15-g9cfb28693d (webtiles) character file.

Game seed: 1962275836917048131

732 Sanktem7 the Trooper (level 7, -5/66 HPs)
             Began as a Minotaur Fighter on Mar 3, 2023.
             Splashed by a jelly's acid (10 damage)
             ... on level 5 of the Dungeon.
             The game lasted 00:06:13 (4026 turns).

Sanktem7 the Trooper (Minotaur Fighter)             Turns: 4026, Time: 00:06:14

Health: -5/66      AC: -5    Str: 23    XL:     7   Next: 45%
Magic:  6/6        EV:  7    Int:  5    God:
Gold:   177        SH:  4    Dex:  9    Spells: 6/6 levels left

rFire   . . .      SeeInvis .   a - +0 war axe {axe}
rCold   . . .      Faith    .   c - +0 buckler
rNeg    . . .      Spirit   .   t - +0 chain mail
rPois   .          Reflect  .   (helmet restricted)
rElec   .          Harm     .   (no cloak)
rCorr   .          Rampage  .   (no gloves)
Will    .....                   (no boots)
Stlth   ..........              (no amulet)
HPRegen 0.21/turn               (no ring)
MPRegen 0.10/turn               (no ring)

@: corroded
A: horns 2, retaliatory headbutt
a: no special abilities


You were on level 5 of the Dungeon.
You visited 1 branch of the dungeon, and saw 5 of its levels.

You collected 177 gold pieces.


Innate Abilities, Weirdness & Mutations

You have a pair of horns on your head.
You reflexively headbutt those who attack you in melee.


   Skills:
 * Level 7.2 Fighting
 * Level 6.7 Axes
 + Level 5.6 Armour
 - Level 3.6 Shields


You had 6 spell levels left.
You didn't know any spells.
Your spell library contained the following spells:

 Spells                   Type           Power      Damage    Failure   Level
 Fireball                 Conj/Fire      0%         3d3       100%        5
 Iskenderun's Battlesphe  Conj           0%         2d6       100%        5
 Conjure Ball Lightning   Conj/Air       0%         3x3d6     100%        6
 Orb of Destruction       Conj           0%         9d5       100%        7

Inventory:

Hand Weapons
 a - a +0 war axe (weapon) {axe}
 r - a +0 vorpal mace {mace}
   (You found it on level 1 of the Dungeon)
Missiles
 h - 8 poisoned darts (quivered) {throwing}
 o - 45 stones {throwing}
 q - 4 javelins {throwing}
 x - 2 throwing nets {=f!fthrowing}
 A - 4 atropa-tipped darts {throwing}
Armour
 c - a +0 buckler (worn)
 t - a +0 chain mail (worn)
   (You found it on level 2 of the Dungeon)
 C - a +0 cloak
   (You found it on level 5 of the Dungeon)
Jewellery
 y - a ring of protection from fire
   (You found it on level 5 of the Dungeon)
Wands
 u - a wand of flame (13)
   (You found it on level 2 of the Dungeon)
Scrolls
 b - a scroll of butterflies {unknown}
 e - 2 scrolls of fear {unknown}
 f - a scroll of magic mapping {unknown}
 g - 2 scrolls of identify {unknown}
 i - a scroll of noise {unknown}
 j - a scroll of vulnerability {unknown}
 m - 3 scrolls of immolation {unknown}
 s - a scroll of blinking {unknown}
 v - 2 scrolls of teleportation {unknown}
 w - 3 scrolls of poison {unknown}
Potions
 d - 3 potions of might
 k - 3 potions of ambrosia {unknown}
 l - 3 potions of curing {unknown}
 n - a potion of lignification {unknown}
 p - a potion of attraction {unknown}
 z - a potion of degeneration {unknown}
 B - 2 potions of brilliance {unknown}

Dungeon Overview and Level Annotations

Branches:
Dungeon (5/15) Zot: 25900
 Temple: D:4-7

Altars:
Ashenzari
Gozag
Kikubaaqudgha
Nemelex Xobeh
Yredelemnul
The Shining One

Shops:
D:2

( ##...#
#.≈≈_....8...#
#..###
#.≈≈≈≈≈≈...###
..## #
#..≈≈≈≈≈≈≈.# .##
.. #..........#
####...
###..#####.##
#......
......##...#
.......
.........###
...## ##...##'##
##.## ## ♣@♣
##..# #.J.#
.##.### .....##
......####..>..#
###.#....##♣.♣#
# #.##.### ## #
#.##.#####
###........#
##............


You could see a jelly.


Message History

A black bear is nearby!
No reachable target in view!
A hound comes into view.
The hound barks!
The hound bites you. 😕 HP[-3]
You take 3 damage, and now have 61/64 hp.
You completely miss the hound. Your headbutt misses the hound.
The hound barely misses you. The hound bites you but does no damage.
You completely miss the hound. The hound bites you but does no damage.
The hound bites you. 😕 HP[-1]
You take 1 damage, and now have 60/64 hp.
You barely miss the hound.
The hound bites you but does no damage. 😕 HP[+1]
You barely miss the hound. Your headbutt misses the hound.
The hound bites you but does no damage. x2
You hit the hound but do no damage. Your headbutt misses the hound.
The hound bites you but does no damage. You block the hound's attack.
You closely miss the hound. You block the hound's attack.
The hound completely misses you. You furiously retaliate!
You headbutt the hound. You miss the hound. Your headbutt misses the hound.
The hound bites you but does no damage. The hound bites you. 😕 HP[-1]
You take 1 damage, and now have 60/64 hp.
You slash the hound!
You kill the hound!
No reachable target in view!
No reachable target in view!
A black bear is nearby!
A black bear is nearby! 😕 HP[+1] Why would you want to do that?
You barely miss the black bear. The black bear bites you.
The black bear claws you.
You block the black bear's attack. 😕 HP[-3]
You take 3 damage, and now have 58/64 hp.
You slash the black bear! You headbutt the black bear.
The black bear bites you but does no damage.
The black bear claws you but does no damage. x2
You slash the black bear!
You kill the black bear!
Your Fighting skill increases to level 7! 😕 HP[+2]
You now have 66 max hp (+2).
You regained 2 hp, and now have 60/66 hp.
You see here a black bear corpse.
You open the door.
A jelly comes into view.
The jelly quivers. 😎 HP[+6]
Your hp is fully restored (66).
A jelly is nearby!
A jelly is nearby!
There is an open door here.
A jelly comes into view.
Found a stone staircase leading down.
The jelly quivers.
You block the jelly's attack.
You hit the jelly but do no damage.
Your hands burn!
The jelly hits you.
You are splashed with acid. 😕 HP[-6]
You take 6 damage, and now have 60/66 hp.
You hit the jelly. The acid corrodes you!
Your hands burn!
The jelly hits you. The acid corrodes you!
You are splashed with acid! 😮 HP[-15]
You take 15 damage, and now have 45/66 hp.
MASSIVE DAMAGE!! (PAUSE)
You hit the jelly but do no damage.
Your hands burn!
The jelly hits you. The acid corrodes you!
You are splashed with acid! 😮 HP[-11]
You take 11 damage, and now have 34/66 hp.
You hit the jelly. The acid corrodes you!
Your hands burn!
* * * LOW HITPOINT WARNING * * *
The jelly completely misses you. You furiously retaliate!
You headbutt the jelly, but do no damage.
The jelly hits you.
* * * LOW HITPOINT WARNING * * *
The acid corrodes you!
You are splashed with acid!
* * * LOW HITPOINT WARNING * * *
The jelly closely misses you. 😨 HP[-15]
You take 15 damage, and now have 19/66 hp.
MASSIVE DAMAGE!! (PAUSE)
You slash the jelly!
You kill the jelly!
You barely miss the jelly. The jelly hits you.
* * * LOW HITPOINT WARNING * * *
You are splashed with acid!
* * * LOW HITPOINT WARNING * * *
😱 HP[-11]
You take 11 damage, and now have 8/66 hp.
You hit the jelly.
Your hands burn!
* * * LOW HITPOINT WARNING * * *
You headbutt the jelly, but do no damage.
The jelly hits you.
* * * LOW HITPOINT WARNING * * *
You are splashed with acid!
You die...

Skill      XL: |  1  2  3  4  5  6  7 |
---------------+----------------------+-----
Fighting       | 4 5 6 7 |  7.2
Axes           | 3 4 5 6 |  6.7
Armour         | 4 5 |  5.6
Shields        | |  3.6

Action                   |  1- 3 |  4- 6 |  7- 9 || total
-------------------------+-------+-------+-------++-------
Melee: War axe           |    78 |   104 |    29 ||   211
       Headbutt          |     9 |    10 |     3 ||    22
Armor: Scale mail        |    19 |       |       ||    19
       Chain mail        |    26 |    78 |    19 ||   123
Dodge: Dodged            |    38 |    43 |     8 ||    89
Block: Buckler           |    19 |    22 |     7 ||    48

Levels and vault maps discovered:
D:1:      dpeg_arrival_windows_large_door, layout_loops_cross, st_stairs_7,
          minmay_hexomino_c4
D:2:      layout_basic, serial_rivers, chequers_serial_rivers_small_3,
          chequers_serial_rivers_room_b, chequers_serial_rivers_micro_c,
          chequers_serial_rivers_marsh, chequers_serial_rivers_small_3,
          chequers_serial_rivers_micro_a, serial_shops,
          nicolae_shop_bloodbath_and_beyond
D:3:      layout_basic, grunt_temple_overflow_holy_war,
          mainiacjoe_overflow_surrounded_room, evilmike_ruin_ashenzari,
          mainiacjoe_overflow_paths
D:4:      layout_gridville
D:5:      layout_rooms, mainiacjoe_overflow_catwalk,
          minmay_temple_entry_butterflies, grunt_ministairs_8

Notes
Turn   | Place    | Note
-------+----------+-------------------------------------------
     0 | D:1      | Sanktem7 the Minotaur Fighter began the quest for the Orb.
     0 | D:1      | Reached XP level 1. HP: 19/19 MP: 0/0
     0 | D:1      | magus.rc [v1.9.6]
    73 | D:1      | Reached XP level 2. HP: 27/27 MP: 1/1
   101 | D:1      | Reached skill level 4 in Fighting
   127 | D:1      | Reached skill level 3 in Axes
   801 | D:2      | Reached XP level 3. HP: 33/33 MP: 2/2
   835 | D:2      | Reached skill level 4 in Armour
   871 | D:2      | Found Zuonaeta's Weapon Shoppe.
   905 | D:2      | You pick up a book of the Spheres and begin reading...
   905 | D:2      | You add the spells Iskenderun's Battlesphere, Fireball,
                  | Conjure Ball Lightning and Orb of Destruction to your
                  | library.
  1504 | D:3      | Found a broken altar of Ashenzari.
  1574 | D:3      | Found an opulent altar of Gozag.
  1685 | D:3      | Identified the +11 falchion "Mun Ylikua" {drain, rPois rC+
                  | Int+3 Dex-3}
  1800 | D:3      | Reached skill level 4 in Axes
  1800 | D:3      | Reached XP level 4. HP: 28/41 MP: 3/3
  1805 | D:3      | Reached skill level 5 in Fighting
  2033 | D:3      | Found an ancient bone altar of Kikubaaqudgha.
  2126 | D:3      | Found a glowing golden altar of the Shining One.
  2128 | D:3      | Noticed an angel
  2137 | D:3      | Found a basalt altar of Yredelemnul.
  2306 | D:4      | Reached XP level 5. HP: 28/48 MP: 4/4
  2311 | D:4      | HP: 12/48 [gnoll/+0 whip[a gnoll bouda] (4)]
  2584 | D:4      | Reached skill level 5 in Axes
  2585 | D:4      | HP: 12/50 [gnoll/+0 club[a gnoll bouda] (1)]
  2590 | D:4      | HP: 9/50 [gnoll/+0 club[a gnoll bouda] (1)]
  2592 | D:4      | HP: 2/50 [gnoll/+0 club[a gnoll bouda] (3)]
  2595 | D:4      | Reached XP level 6. HP: 2/57 MP: 5/5
  2910 | D:4      | Found the +5 scythe "Finisher" {speed, eviscerate}
  2989 | D:4      | Reached skill level 6 in Fighting
  3651 | D:5      | Entered Level 5 of the Dungeon
  3669 | D:5      | Reached skill level 5 in Armour
  3852 | D:5      | Noticed an ice beast
  3858 | D:5      | Killed an ice beast
  3859 | D:5      | Reached skill level 6 in Axes
  3859 | D:5      | Reached XP level 7. HP: 55/64 MP: 6/6
  3955 | D:5      | Found a sparkling altar of Nemelex Xobeh.
  3981 | D:5      | Reached skill level 7 in Fighting
  4025 | D:5      | HP: 8/66 [acid (11)]
  4026 | D:5      | Splashed by a jelly's acid

Vanquished Creatures
  An ice beast (D:5)
  A black bear (D:5)
  A phantom (D:5)
  2 jellies
  An orc priest (D:3)
  2 gnoll boudas (D:4)
  4 hounds
  An orc wizard (D:3)
  9 gnolls (D:4)
  3 adders
  A white imp (D:5)
  2 worms
  2 dart slugs
  2 orcs (D:3)
  9 ball pythons
  5 endoplasms
  2 giant cockroaches
  6 goblins
  4 hobgoblins
  4 jackals (D:2)
  10 kobolds
  2 quokkas
  5 bats
  3 frilled lizards
  2 rats (D:2)
84 creatures vanquished.

Table legend:
 A = Non-vault XP
 B = Vault XP
 C = Vault XP percentage of total XP
 D = Non-vault monster count
 E = Vault monster count
 F = Vault count percentage of total count
                 A         B        C        D         E       F
            +---------+---------+-------+---------+---------+-------
      Total |    1030 |      17 |   1.6 |      75 |       9 |  10.7
            +---------+---------+-------+---------+---------+-------
        D:1 |      15 |      17 |  53.1 |       9 |       9 |  50.0
        D:2 |      35 |       0 |   0.0 |      13 |       0 |   0.0
        D:3 |     108 |       0 |   0.0 |      16 |       0 |   0.0
        D:4 |     314 |       0 |   0.0 |      27 |       0 |   0.0
        D:5 |     558 |       0 |   0.0 |      10 |       0 |   0.0
            +---------+---------+-------+---------+---------+-------

Illustrated notes

Table legend:
 A = Kills in this place as a percentage of kills in entire the game.
 B = Kills by you in this place as a percentage of kills by you in the entire game.
 C = Kills by friends in this place as a percentage of kills by friends in the entire game.
 D = Other kills in this place as a percentage of other kills in the entire game.
 E = Experience gained in this place as a percentage of experience gained in the entire game.
 F = Experience gained in this place divided by the number of levels of this place that you have seen.
                   A       B       C       D       E      F
               +-------+-------+-------+-------+-------+----------------------
         Total | 100.0 | 100.0 |   N/A |   N/A | 100.0 | 209.4
       Dungeon | 100.0 | 100.0 |   N/A |   N/A | 100.0 | 209.4
               +-------+-------+-------+-------+-------+----------------------

Table legend: (Time is in decaauts)
 A = Elapsed time spent in this place.
 B = Non-inter-level travel time spent in this place.
 C = Inter-level travel time spent in this place.
 D = Time resting spent in this place.
 E = Time spent auto-exploring this place.
 F = Levels seen in this place.
 G = Mean time per level.
                   A        B        C        D        E       F      G
               +--------+--------+--------+--------+--------+-----+--------+
         Total |   4098 |   4003 |     95 |      0 |   3427 |   5 |  819.6 |
       Dungeon |   4098 |   4003 |     95 |      0 |   3427 |   5 |  819.6 |
               +--------+--------+--------+--------+--------+-----+--------+

Top non-repeatable levels by time:
     D:4: 1390 daAuts
     D:3: 825 daAuts
     D:2: 765 daAuts
     D:1: 730 daAuts
     D:5: 386 daAuts
